AoeStats
← andre.luizmg

Pilgrims

509265242Analyzed
3v3 RM · 7d ago on Sep 26, 2026· 25m 4s· 6 players
Game mode
Random Map
Map size
Normal (6 player)
Population
200
Speed
Normal
Resources
Standard
Victory
Conquest
Starting age
Dark Age
Ending age
Imperial Age
RankedLock teamsTeams togetherTeam positionsShared explorationLock speedFull tech treeHidden civsTurbo modeCheats
Victory
Defeat
🇨🇱 Maya · Chile
1028
+11
🇧🇷 Poles · Brazil
1020
+11
🇺🇸 Bohemians · United States
990
+12
🇲🇽 Portuguese · Mexico
961
-13
🇲🇽 Sicilians · Mexico
898
-11
🇨🇴 Franks · Colombia
878
-10
harald
3:55 Loom
8:52 Feudal Age
14:15 Double-Bit Axe
14:11 Horse Collar
14:48 Fletching
17:48 Town Watch
18:40 Wheelbarrow
23:09 Castle Age
23:22 Arson
23:39 Scale Mail Armor
23:41 Gambesons
23:57 Squires
24:10 Forging
diossnefru1
4:01 Loom
10:50 Feudal Age
12:11 Wheelbarrow
11:44 Double-Bit Axe
13:59 Man-at-Arms
14:25 Arson
14:55 Fishing Lines
19:54 Fletching
26:06 Castle Age
andresalex137
12:33 Loom
14:36 Feudal Age
jussilliman
5:05 Loom
12:18 Feudal Age
16:26 Castle Age
17:03 Pikeman
19:57 Chemistry
22:42 Squires
Rbensinhop
8:05 Loom
16:26 Feudal Age
andre.luizmg
6:19 Loom
14:35 Feudal Age
18:26 Castle Age
16:30 Double-Bit Axe
18:46 Bloodlines
19:10 Horse Collar
20:24 Stone Mining
23:56 Fletching
Connection lost

Rejoining the realm…

Still unreachable

The connection could not be restored.

Session expired

The server has moved on; the page needs a fresh start.